 Dungeon Crawl Stone Soup version 0.19-a0-958-gd69d43c (webtiles) character file.

35 Charly the Cudgeler (level 3, -4/36 HPs)
             Began as an Ogre Skald on July 11, 2016.
             Killed from afar by an orc wizard (8 damage)
             ... with a puff of flame
             ... on level 4 of the Dungeon.
             The game lasted 00:05:43 (460 turns).

Charly the Cudgeler (Ogre Skald)                     Turns: 460, Time: 00:05:44

Health: -4/36      AC:  3    Str: 17    XL:     3   Next: 33%
Magic:  2/6        EV:  9    Int: 12    God:
Gold:   49         SH:  0    Dex:  9    Spells: 2 memorised, 3 levels left

rFire  . . .     SeeInvis .     a - +0 mace
rCold  . . .     Gourm    .     b - +0 robe
rNeg   . . .     Faith    .     (no shield)
rPois  .         Spirit   .     (helmet restricted)
rElec  .         Dismiss  .     (no cloak)
rCorr  .         Reflect  .     (gloves unavailable)
SustAt .         Harm     .     (boots unavailable)
MR     .....                    (no amulet)
Stlth  +.........               (no ring)
                                (no ring)

@: lethally poisoned (-4 -> -6), infused (expiring), not resistant to hostile
enchantments, very unstealthy
A: unfitting armour, tough skin 1
a: no special abilities


You were on level 4 of the Dungeon.
You were not hungry.

You visited 1 branch of the dungeon, and saw 4 of its levels.

You collected 49 gold pieces.

Inventory:

Hand Weapons
 a - a +0 mace (weapon)
Armour
 b - a +0 robe (worn)
Wands
 j - a wand of iceblast (0/15)
Scrolls
 e - a scroll of immolation {unknown}
 i - a scroll of identify {unknown}
Potions
 g - 3 potions of ambrosia {unknown}
 h - 2 potions of lignification {unknown}
Books
 c - a book of Battle

   Spells                             Type                      Level
   a - Infusion                       Charms                       1
   b - Shroud of Golubria             Charms/Translocation         2
   c - Song of Slaying                Charms                       2
   d - Spectral Weapon                Hexes/Charms                 3
   e - Regeneration                   Charms/Necromancy            3
Comestibles
 d - a bread ration
 f - 2 meat rations


   Skills:
 - Level 2.6 Fighting
 + Level 4.9 Maces & Flails
 - Level 1.3 Dodging
 - Level 2.4 Spellcasting
 - Level 2.1 Charms


You had 3 spell levels left.
You knew the following spells:

 Your Spells              Type           Power        Failure   Level  Hunger
g - Shroud of Golubria    Chrm/Tloc      #.........   28%         2    ###....
i - Infusion              Chrm           #...         12%         1    ##.....


Dungeon Overview and Level Annotations

Branches:
Dungeon (4/15)
 Temple: D:4-7

Altars:


Innate Abilities, Weirdness & Mutations

You are too large for most types of armour.
You have tough skin. (AC +1)


Message History

The puff of frost hits you!
You hit the orc wizard.
The orc wizard is almost dead.
You feel sick.
The orc wizard gestures wildly while chanting.
The orc wizard flickers and vanishes!
Something hits you but does no damage.
You closely miss something.
Your magical infusion is running out.
Something hits you.
* * * LOW HITPOINT WARNING * * *
You closely miss something. Something hits you.
* * * LOW HITPOINT WARNING * * *
Evoke which item? (* to show all) (? for menu, Esc to quit)
Zapping:
j - a wand of iceblast {zapped: 3} (will waste charges)
Press: ? - help, Shift-Dir - straight line Nothing appears to happen.
You hear some strange, mumbled words.
A puff of flame appears from out of thin air!
The puff of flame hits you!
You die...

# #.##...####.#.# #
#.#.#....#....#.#
#.#.#.#....#.# #.#
#..........#.####.#
+o...............#
###....†...##.######
...........##......#
.#.#####{#.######.##
#...@.#......#.#
#.#########....# #
######


There were no monsters in sight!

Vanquished Creatures
  A worker ant (D:4)
  A dart slug (D:1)
  A giant cockroach (D:1)
  A quokka (D:2)
  A bat (D:2)
  A giant newt (D:1)
  3 kobolds (D:1)
  2 rats (D:1)
11 creatures vanquished.

Notes
Turn   | Place    | Note
-------+----------+-------------------------------------------
     0 | D:1      | Charly the Ogre Skald began the quest for the Orb.
     0 | D:1      | Reached XP level 1. HP: 22/22 MP: 3/3
    74 | D:1      | Reached skill level 3 in Maces & Flails
    88 | D:1      | HP: 1/22 [rat (2)]
   189 | D:1      | Reached XP level 2. HP: 7/29 MP: 5/5
   193 | D:1      | Learned a level 2 spell: Shroud of Golubria
   440 | D:4      | Reached skill level 4 in Maces & Flails
   440 | D:4      | Reached XP level 3. HP: 24/36 MP: 3/6
   460 | D:4      | Killed from afar by an orc wizard

Vault maps used:
D:1:      dpeg_arrival_radiant, hangedman_decor_riveting
D:3:      old_standard_altar, first_bread, ecumenical_altar_1
D:4:      lemuel_doored_altar, okawaru_gym_becter, grunt_decor_fettered,
          minmay_box_of_dots, uniq_pikel

Skill      XL: |  1  2 |
---------------+-------+-----
Maces & Flails | 3 4 |  4.9
Fighting       | |  2.6
Dodging        | |  1.3
Spellcasting   | |  2.4
Charms         | |  2.1

Action                   || total
-------------------------++-------
Melee: Mace              ||    54
 Cast: Infusion          ||     4
Evoke: Wand              ||     1
Armor: Robe              ||    16
Dodge: Dodged            ||    26
